 Dungeon Crawl Stone Soup version 0.28.0-53-g5a82cb258f (webtiles) character file.

Game seed: 8481945739770751031

80 Kranky the Spear-Bearer (level 4, 32/32 HPs)
             Began as a Gnoll Wanderer on June 17, 2022.
             Was a Follower of Vehumet.
             Quit the game on level 2 of the Dungeon.
             The game lasted 00:03:00 (1477 turns).

Kranky the Spear-Bearer (Gnoll Wanderer)            Turns: 1477, Time: 00:03:01

Health: 32/32      AC:  6    Str: 10    XL:     4   Next: 39%
Magic:  8/8        EV: 10    Int: 11    God:    Vehumet [*.....]
Gold:   55         SH:  0    Dex: 15    Spells: 8/9 levels left

rFire   . . .      SeeInvis .   a - +2 spear
rCold   . . .      Faith    .   (no shield)
rNeg    . . .      Spirit   .   i - +0 ring mail
rPois   .          Reflect  .   (no helmet)
rElec   .          Harm     .   (no cloak)
rCorr   .          Rampage  .   (no gloves)
Will    .....                   b - +0 pair of boots
Stlth   ++........              (no amulet)
HPRegen 0.10/turn               (no ring)
MPRegen 0.11/turn               (no ring)

@: no status effects
A: fangs 1, strong nose, distributed training
a: Renounce Religion


You were on level 2 of the Dungeon.
You worshipped Vehumet.
Vehumet was aware of your devotion.
You visited 1 branch of the dungeon, and saw 2 of its levels.

You collected 55 gold pieces.

Inventory:

Hand Weapons
 a - a +2 spear (weapon)
Armour
 b - a +0 pair of boots (worn)
 c - a +0 robe
 i - a +0 ring mail (worn)
Scrolls
 d - a scroll of identify {unknown}
 g - 2 scrolls of teleportation {unknown}
Potions
 e - a potion of curing {unknown}
 f - a potion of mutation {unknown}
 h - a potion of cancellation {unknown}


   Skills:
 + Level 1.1 Fighting
 + Level 1.1 Short Blades
 + Level 1.1 Long Blades
 + Level 1.1 Axes
 + Level 1.1 Maces & Flails
 + Level 10.4 Polearms
 + Level 1.1 Staves
 + Level 1.1 Slings
 + Level 1.1 Bows
 + Level 1.1 Crossbows
 + Level 1.1 Throwing
 + Level 2.7 Armour
 + Level 1.1 Dodging
 + Level 2.5 Stealth
 + Level 1.1 Shields
 + Level 1.1 Unarmed Combat
 + Level 3.0 Spellcasting
 + Level 3.8 Conjurations
 + Level 0.9 Hexes
 + Level 0.9 Summonings
 + Level 0.9 Necromancy
 + Level 0.9 Translocations
 + Level 0.9 Transmutations
 + Level 0.9 Fire Magic
 + Level 0.9 Ice Magic
 + Level 0.9 Air Magic
 + Level 0.9 Earth Magic
 + Level 0.9 Poison Magic
 + Level 1.2 Invocations
 + Level 1.1 Evocations


You had 8 spell levels left.
You knew the following spells:

 Your Spells              Type           Power      Damage    Failure   Level
a - Foxfire               Conj/Fire      24%        2x1d5     24%         1

Your spell library contained the following spells:

 Spells                   Type           Power      Damage    Failure   Level
 Sandblast                Erth           6%         2d5       41%         1
 Conjure Flame            Conj/Fire      6%         6-21      58%         3
 Mephitic Cloud           Conj/Pois/Air  5%         N/A       65%         3
 Gell's Gravitas          Tloc           3%         N/A       78%         3
 Ignite Poison            Fire/Tmut/Pois 3%         N/A       78%         3
 Lesser Beckoning         Tloc           3%         N/A       78%         3
 Teleport Other           Tloc           3%         N/A       78%         3
 Sticky Flame             Conj/Fire      6%         2d3       94%         4


Dungeon Overview and Level Annotations

Branches:
Dungeon (2/15)

Altars:
Vehumet


Innate Abilities, Weirdness & Mutations

You have very sharp teeth.
Your uncanny sense of smell can sniff out nearby items.
Your experience applies equally to all skills.


Message History

The adder bites you but does no damage.
You puncture the adder!
You kill the adder!
Your Spellcasting skill increases to level 3!
No target in view!
No target in view!
Found a gnoll skeleton.
Found a gnoll skeleton.
There is an open door here.
No target in view!
You see here a ball python corpse.
Found a hand axe.
A hobgoblin comes into view.
A hobgoblin is nearby!
A ball python comes into view.
The ball python hisses angrily.
The hobgoblin shouts!
You hit the ball python.
You kill the ball python!
You reach to attack!
You hit the hobgoblin.
The hobgoblin is almost dead.
You barely miss the hobgoblin.
The hobgoblin is almost dead.
You hit the hobgoblin.
You kill the hobgoblin!
No target in view!
No target in view!
No target in view!
You see here a hobgoblin corpse.
You see here a ball python corpse.
There is an open door here.
Found a faded altar of an unknown god.
There is an open door here.
There is a faded altar of an unknown god here.
You cannot tell which god this altar belongs to.
Convert to them anyway?
Vehumet accepts your prayer! Vehumet welcomes you!
You can now gain magical power from killing.
Vehumet offers you knowledge of Sandblast.
Are you sure you want to abandon this character and quit the game? (Confirm with "yes".)

... .....♣♣#.....#♣♣.#
#.## ... .
♣÷#..8..#÷♣.#######.##
∆♣♣#.....#♣♣.......#...
♣.###'###P♣.####......
♣PPP..PPP.♣.# #......
♣♣♣PP.PP♣♣♣.# #......
♣PP.P♣♣ ..# #......
♣♣P.P♣ ..# #......
♣♣@♣♣ ...# #...... ♣♣♣
.... #....). ####### ∆


There were no monsters in sight!

Vanquished Creatures
  A gnoll (D:1)
  3 adders (D:2)
  4 ball pythons
  2 bats
  An endoplasm (D:1)
  3 giant cockroaches
  2 goblins
  3 hobgoblins
  9 jackals
  3 kobolds (D:1)
  3 quokkas
  2 frilled lizards
  3 rats
39 creatures vanquished.

Vanquished Creatures (others)
  8 foxfires (D:1)
8 creatures vanquished.

Grand Total: 47 creatures vanquished

Notes
Turn   | Place    | Note
-------+----------+-------------------------------------------
     0 | D:1      | Reached skill level 10 in Polearms
     0 | D:1      | Kranky the Gnoll Wanderer began the quest for the Orb.
     0 | D:1      | Kranky set off with the following items: a +2 spear, a +0
                  | pair of boots, a +0 robe; and the following spell
                  | memorised: Foxfire; and the following spells available to
                  | memorise: Mephitic Cloud
     0 | D:1      | Reached XP level 1. HP: 13/13 MP: 4/4
   185 | D:1      | Reached XP level 2. HP: 19/19 MP: 5/5
   475 | D:1      | Reached XP level 3. HP: 21/25 MP: 7/7
   899 | D:2      | Reached skill level 1 in Invocations
  1049 | D:2      | Reached skill level 1 in Fighting
  1049 | D:2      | Reached skill level 1 in Short Blades
  1049 | D:2      | Reached skill level 1 in Long Blades
  1049 | D:2      | Reached skill level 1 in Axes
  1049 | D:2      | Reached skill level 1 in Maces & Flails
  1049 | D:2      | Reached skill level 1 in Staves
  1049 | D:2      | Reached skill level 1 in Slings
  1049 | D:2      | Reached skill level 1 in Bows
  1049 | D:2      | Reached skill level 1 in Crossbows
  1049 | D:2      | Reached skill level 1 in Throwing
  1049 | D:2      | Reached skill level 1 in Dodging
  1049 | D:2      | Reached skill level 1 in Shields
  1049 | D:2      | Reached skill level 1 in Unarmed Combat
  1049 | D:2      | Reached skill level 1 in Evocations
  1193 | D:2      | Reached XP level 4. HP: 32/32 MP: 8/8
  1468 | D:2      | Found a faded altar of an unknown god.
  1476 | D:2      | Prayed at the altar of an unknown god.
  1476 | D:2      | Became a worshipper of Vehumet
  1476 | D:2      | Reached * piety under Vehumet
  1476 | D:2      | Offered knowledge of Sandblast by Vehumet.
  1477 | D:2      | Quit the game

Illustrated notes

Levels and vault maps discovered:
D:1:      minmay_arrival_doors, layout_basic
D:2:      layout_basic, dilly_ecumenical_altar_fadedgnrine, minmay_hexomino_u4

Skill      XL: |  1  2  3  4 |
---------------+-------------+-----
Polearms       | | 10.4
Invocations    | 1 |  1.2
Fighting       | 1 |  1.1
Short Blades   | 1 |  1.1
Long Blades    | 1 |  1.1
Axes           | 1 |  1.1
Maces & Flails | 1 |  1.1
Staves         | 1 |  1.1
Slings         | 1 |  1.1
Bows           | 1 |  1.1
Crossbows      | 1 |  1.1
Throwing       | 1 |  1.1
Dodging        | 1 |  1.1
Shields        | 1 |  1.1
Unarmed Combat | 1 |  1.1
Evocations     | 1 |  1.1
Spellcasting   | 3 |  3.0
Armour         | |  2.7
Stealth        | |  2.5
Conjurations   | |  3.8
Hexes          | |  0.9
Summonings     | |  0.9
Necromancy     | |  0.9
Translocations | |  0.9
Transmutations | |  0.9
Fire Magic     | |  0.9
Ice Magic      | |  0.9
Air Magic      | |  0.9
Earth Magic    | |  0.9
Poison Magic   | |  0.9

Action                   |  1- 3 |  4- 6 || total
-------------------------+-------+-------++-------
Melee: Spear             |   111 |    14 ||   125
       Bite              |     5 |       ||     5
       Punch             |     4 |       ||     4
 Cast: Foxfire           |     4 |       ||     4
 Stab: Sleeping          |     6 |     2 ||     8
       Distracted        |     1 |       ||     1
Armor: Robe              |    17 |       ||    17
       Ring mail         |       |     3 ||     3
Dodge: Dodged            |    30 |     1 ||    31
